 Dungeon Crawl Stone Soup version 0.30-a0-778-g2ef04afb54 (webtiles) character file.

Game seed: 12581097196522657882

15 Smoke131 the Trooper (level 2, -5/31 HPs)
             Began as an Ogre Gladiator on Feb 16, 2023.
             Slain by a worm (10 damage)
             ... on level 1 of the Dungeon.
             The game lasted 00:01:56 (940 turns).

Smoke131 the Trooper (Ogre Gladiator)                Turns: 940, Time: 00:01:56

Health: -5/31      AC:  3    Str: 17    XL:     2   Next: 50%
Magic:  2/2        EV: 10    Int:  9    God:
Gold:   87         SH:  0    Dex: 10    Spells: 1/1 levels left

rFire   . . .      SeeInvis .    a - +0 war axe
rCold   . . .      Faith    .    (no shield)
rNeg    . . .      Spirit   .    b - +0 robe
rPois   .          Reflect  .    c - +0 hat
rElec   .          Harm     .    (no cloak)
rCorr   .          Rampage  .    (gloves unavailable)
Will    .....                    (boots unavailable)
Stlth   +                        (no amulet)
HPRegen 0.25/turn                (no ring)
MPRegen 0.08/turn                (no ring)

@: no status effects
A: large, unfitting armour, tough skin 1
a: no special abilities


You were on level 1 of the Dungeon.
You visited 1 branch of the dungeon, and saw 2 of its levels.

You collected 87 gold pieces.

Inventory:

Hand Weapons
 a - a +0 war axe (weapon)
Missiles
 d - 3 throwing nets (quivered)
 e - a large rock
 f - 5 boomerangs
Armour
 b - a +0 robe (worn)
 c - a +0 hat (worn)
Scrolls
 h - a scroll of fog {unknown}
 j - a scroll of fear {unknown}
 k - a scroll of noise {unknown}
 l - a scroll of vulnerability {unknown}
Potions
 g - a potion of attraction {unknown}
 i - a potion of magic {unknown}


   Skills:
 + Level 3.2 Fighting
 - Level 3.0 Axes
 + Level 2.3 Throwing
 + Level 3.0 Dodging


You had one spell level left.
You didn't know any spells.
Your spell library contained the following spells:

 Spells                   Type           Power      Damage    Failure   Level
 Gell's Gravitas          Tloc           0%         N/A       77%         3
 Teleport Other           Tloc           0%         N/A       77%         3
 Dispersal                Tloc           0%         N/A       100%        6


Dungeon Overview and Level Annotations

Branches:
Dungeon (2/15)

Altars:

Shops:
D:1 !


Innate Abilities, Weirdness & Mutations

You are too large for most types of armour.
You have tough skin. (AC +1)


Message History

You closely miss the bat. The bat hits you but does no damage.
The bat hits you but does no damage.
You closely miss the bat. The bat hits you but does no damage. x2
The bat hits you.
You see here a +0 dagger.
The bat hits you but does no damage. The bat closely misses you.
You hit the bat.
You kill the bat!
No target in view!
No target in view!
No target in view!
There is a stone staircase leading down here.
You climb downwards.
The adder barely misses you. The worm bites you. The adder bites you.
The goblin hits you with a +0 dagger of distortion.
Space warps around you.
There is a stone staircase leading up here.
You can't go down here!
The adder closely misses you.
The goblin hits you with a +0 dagger of distortion.
The worm bites you.
You climb upwards.
There is a stone staircase leading down here.
You closely miss the goblin. You hit the adder. You hit the worm.
The adder bites you but does no damage. The goblin hits you but does no damage.
Space warps around you. The adder barely misses you.
The worm closely misses you.
You miss the goblin. You barely miss the adder. You hit the worm.
The adder barely misses you. The goblin hits you but does no damage.
The adder completely misses you. The goblin hits you but does no damage.
Space warps horribly around you!
* * * LOW HITPOINT WARNING * * *
You hit the goblin but do no damage. You barely miss the worm.
You miss the adder. The adder barely misses you. The worm closely misses you.
The goblin hits you with a +0 dagger of distortion.
* * * LOW HITPOINT WARNING * * *
You blink.
You closely miss the goblin. You slash the worm! The goblin closely misses you.
The worm bites you!
You die...

#⌠..## #.##.#
####.## #.##.#
##.## #.##.#
##.## #.##.#
##.####
#.##.#######
##..⌠#
#.##.......######
##.####
#.##.#####......#
##.## #.##†#
#........#
####.## #@#..#
#.##+##..# #⌠..##
#gw)## #.#...#..#
####.##
#S.#####.#.8.#.##
##.#### #.##
#...#...#.#
##..⌠#
#.####.#.##'##.#
####.####
#..............#
#⌠..##
###########.####
####<# #.# ###
#.#


You could see a worm, an adder and a goblin.

Vanquished Creatures
  A dart slug (D:1)
  2 ball pythons (D:1)
  An endoplasm (D:1)
  3 goblins (D:1)
  2 quokkas (D:1)
  A bat (D:1)
  2 frilled lizards (D:1)
12 creatures vanquished.

Notes
Turn   | Place    | Note
-------+----------+-------------------------------------------
     0 | D:1      | Smoke131 the Ogre Gladiator began the quest for the Orb.
     0 | D:1      | Reached XP level 1. HP: 22/22 MP: 1/1
   338 | D:1      | Reached XP level 2. HP: 28/31 MP: 2/2
   603 | D:1      | Found Gunt's Distillery.
   940 | D:1      | Slain by a worm

Illustrated notes

Levels and vault maps discovered:
D:1:      nagdon_arrival_zigzag_paths, layout_basic, serial_shops, shop,
          minmay_misc_feat_room
D:2:      layout_rooms, uniq_terence, uniq_sigmund

Skill      XL: |  1  2 |
---------------+-------+-----
Fighting       | 3 |  3.2
Dodging        | 3 |  3.0
Axes           | |  3.0
Throwing       | |  2.3

Action                     || total
---------------------------++-------
  Melee: War axe           ||    43
         Punch             ||     1
 Armour: Robe              ||    19
  Dodge: Dodged            ||    25

Table legend: (Time is in decaauts)
 A = Elapsed time spent in this place.
 B = Non-inter-level travel time spent in this place.
 C = Inter-level travel time spent in this place.
 D = Time resting spent in this place.
 E = Time spent auto-exploring this place.
 F = Levels seen in this place.
 G = Mean time per level.
                   A        B        C        D        E       F      G
               +--------+--------+--------+--------+--------+-----+--------+
         Total |    955 |    903 |     52 |     53 |    673 |   2 |  477.5 |
       Dungeon |    955 |    903 |     52 |     53 |    673 |   2 |  477.5 |
               +--------+--------+--------+--------+--------+-----+--------+

Top non-repeatable levels by time:
     D:1: 944 daAuts
     D:2: 11 daAuts
